TOP OF THE 1ST |
Great Falls Voyagers batting - Pitching for Oakland (APP) Athletics : RHP Kyle Rasor
|
Pitching: RHP Kyle Rasor
|
|
Batting: RHB Andy Cotton
|
0-0: Swinging Strike 0-1: Ball 1-1: Swinging Strike 1-2: Ball 2-2: Strikes out swinging
|
Batting: SHB Jose Romo
|
0-0: Foul Ball, location: 2F 0-1: Ball 1-1: Foul Ball, location: 2F 1-2: Ball 2-2: Strikes out swinging
|
Batting: LHB Carlos Ramirez
|
0-0: Ball 1-0: Swinging Strike 1-1: Called Strike 1-2: Ball 2-2: Strikes out swinging
|
Top of the 1st over - 0 runs, 0 hits, 0 errors, 0 left on base; Great Falls 0 - Oakland (APP) 0 |
BOTTOM OF THE 1ST |
Oakland (APP) Athletics batting - Pitching for Great Falls Voyagers : LHP Nick Hamlin
|
Pitching: LHP Nick Hamlin
|
|
Batting: RHB Steve Blackshear
|
0-0: Called Strike 0-1: Ground out 4-3 (Groundball, 4, EV 90.0 MPH)
|
Batting: RHB Colin Coleman
|
0-0: Ball 1-0: Ball 2-0: Called Strike 2-1: Ground out 6-3 (Groundball, 6, EV 106.3 MPH)
|
Batting: RHB Matt Black
|
0-0: Ball 1-0: Swinging Strike 1-1: Ball 2-1: SOLO HOME RUN (Flyball, 78XD, EV 113.1 MPH), Distance : 423 ft
|
Batting: RHB Josh Whaley
|
0-0: Swinging Strike 0-1: Foul Ball, location: 2F 0-2: Ball 1-2: Strikes out swinging
|
Bottom of the 1st over - 1 run, 1 hit, 0 errors, 0 left on base; Great Falls 0 - Oakland (APP) 1 |
TOP OF THE 2ND |
Great Falls Voyagers batting - Pitching for Oakland (APP) Athletics : RHP Kyle Rasor
|
Batting: RHB Vic Lucatero
|
0-0: Ball 1-0: Foul Ball, location: 2F 1-1: Ball 2-1: SINGLE (Line Drive, 6D, EV 96.9 MPH)
|
Batting: LHB Josh Pittman
|
0-0: Ball 1-0: Ball 2-0: Called Strike 2-1: Swinging Strike 2-2: Strikes out looking
|
Batting: SHB Matt Childers
|
0-0: Called Strike 0-1: Ball 1-1: Ball 2-1: Swinging Strike 2-2: Strikes out looking
|
Batting: RHB Chris LaMore
|
0-0: Ball Vic Lucatero steals 2nd base 1-0: Ball 2-0: Called Strike 2-1: Foul Ball, location: 2F 2-2: Ball 3-2: SINGLE (Groundball, 6MD, EV 106.3 MPH) Vic Lucatero to third Runner from 3rd tries for Home, SAFE, throw by CF to home Chris LaMore to second
|
Batting: RHB Billy Grubbs
|
0-0: Ball 1-0: Called Strike 1-1: Foul Ball, location: 2F 1-2: Ball 2-2: Foul Ball, location: 2F 2-2: Ball 3-2: Foul Ball, location: 2F 3-2: Base on Balls
|
Batting: RHB Juan Tovar
|
0-0: Ball 1-0: Called Strike 1-1: Called Strike 1-2: Ball 2-2: Strikes out swinging
|
Top of the 2nd over - 1 run, 2 hits, 0 errors, 2 left on base; Great Falls 1 - Oakland (APP) 1 |
BOTTOM OF THE 2ND |
Oakland (APP) Athletics batting - Pitching for Great Falls Voyagers : LHP Nick Hamlin
|
Batting: RHB Tetsuya Shinoda
|
0-0: Called Strike 0-1: Foul Ball, location: 2F 0-2: Ball 1-2: Ball 2-2: Ball 3-2: Foul Ball, location: 2F 3-2: Base on Balls
|
Batting: RHB Walt Alaniz
|
0-0: Called Strike 0-1: Swinging Strike 0-2: Ball 1-2: Foul Ball, location: 2F 1-2: Ball 2-2: SINGLE (Groundball, 4D, EV 95.0 MPH) Tetsuya Shinoda to second Runner from 2nd tries for 3rd, OUT! 9-5
|
Batting: LHB Al Soltero
|
0-0: Ball 1-0: SINGLE (Groundball, 34D, EV 106.9 MPH) Walt Alaniz to second Runner from 2nd tries for 3rd, SAFE, throw by RF made at trailing runner, OUT! 9-6
|
Batting: SHB George Marshall
|
0-0: Ball 1-0: Foul Ball, location: 2F 1-1: Ball 2-1: Ground out 6-3 (Groundball, 6, EV 87.5 MPH)
|
Bottom of the 2nd over - 0 runs, 2 hits, 0 errors, 1 left on base; Great Falls 1 - Oakland (APP) 1 |
TOP OF THE 3RD |
Great Falls Voyagers batting - Pitching for Oakland (APP) Athletics : RHP Kyle Rasor
|
Batting: RHB Andy Cotton
|
0-0: Ball 1-0: Ball 2-0: Ball 3-0: Called Strike 3-1: Called Strike 3-2: Foul Ball, location: 2F 3-2: Reached on error, E6 (Groundball, 6, EV 86.9 MPH)
|
Batting: SHB Jose Romo
|
0-0: Ball Andy Cotton steals 2nd base (no throw) 1-0: Ball Wild Pitch! Andy Cotton to third 2-0: Ground out 4-3 (Groundball, 4, EV 105.6 MPH) Andy Cotton scores
|
Batting: LHB Carlos Ramirez
|
0-0: Ball 1-0: Ball 2-0: Ball 3-0: Base on Balls
|
Batting: RHB Vic Lucatero
|
0-0: Ball 1-0: Foul Ball, location: 2F 1-1: Ball 2-1: Fly out, F8 (Flyball, 8LD, EV 100.6 MPH)
|
Batting: LHB Josh Pittman
|
0-0: Ball 1-0: Ball 2-0: Ball 3-0: Base on Balls Carlos Ramirez to second
|
Batting: SHB Matt Childers
|
0-0: Foul Ball, location: 2F 0-1: Ball 1-1: Ball 2-1: Called Strike 2-2: Strikes out swinging
|
Top of the 3rd over - 1 run, 0 hits, 1 error, 2 left on base; Great Falls 2 - Oakland (APP) 1 |
BOTTOM OF THE 3RD |
Oakland (APP) Athletics batting - Pitching for Great Falls Voyagers : LHP Nick Hamlin
|
Batting: RHB Tim Anderson
|
0-0: Foul Ball, location: 2F 0-1: Called Strike 0-2: Foul Ball, location: 2F 0-2: Strikes out swinging
|
Batting: RHB Steve Blackshear
|
0-0: Swinging Strike 0-1: Ball 1-1: Foul Ball, location: 2F 1-2: Ball 2-2: Foul Ball, location: 2F 2-2: Strikes out swinging
|
Batting: RHB Colin Coleman
|
0-0: Foul Ball, location: 2F 0-1: Reached on error, E2 (Groundball, 2L, EV 76.3 MPH)
|
Batting: RHB Matt Black
|
0-0: Ball 1-0: Foul Ball, location: 2F 1-1: Foul Ball, location: 2F 1-2: Foul Ball, location: 2F 1-2: Ball Colin Coleman steals 2nd, throwing error, E2 Colin Coleman to third 2-2: Foul Ball, location: 2F 2-2: Foul Ball, location: 2F 2-2: Fly out, F8 (Flyball, 8LS, EV 95.0 MPH)
|
Bottom of the 3rd over - 0 runs, 0 hits, 2 errors, 1 left on base; Great Falls 2 - Oakland (APP) 1 |
TOP OF THE 4TH |
Great Falls Voyagers batting - Pitching for Oakland (APP) Athletics : RHP Kyle Rasor
|
Batting: RHB Chris LaMore
|
0-0: Ball 1-0: Ball 2-0: Ball 3-0: Called Strike 3-1: Foul Ball, location: 2F 3-2: Foul Ball, location: 2F 3-2: Base on Balls
|
Batting: RHB Billy Grubbs
|
0-0: Ball 1-0: SINGLE (Groundball, 4M, EV 98.8 MPH) (infield hit) Chris LaMore to second
|
Pitching: RHP Ricky Lopez
|
|
Batting: RHB Juan Tovar
|
0-0: Called Strike 0-1: Swinging Strike 0-2: Ball 1-2: Strikes out swinging
|
Batting: RHB Andy Cotton
|
0-0: Ball 1-0: Ball 2-0: Ball 3-0: Called Strike 3-1: Base on Balls Chris LaMore to third Billy Grubbs to second
|
Batting: SHB Jose Romo
|
0-0: Ball 1-0: SINGLE (Flyball, 8LS, EV 94.4 MPH) Chris LaMore scores Billy Grubbs to third Andy Cotton to second
|
Batting: LHB Carlos Ramirez
|
0-0: Ball 1-0: Foul Ball, location: 2F 1-1: Foul Ball, location: 2F 1-2: Ball 2-2: Ball 3-2: Fly out, F6 (Popup, 6D, EV 53.1 MPH)
|
Batting: RHB Vic Lucatero
|
0-0: Ball 1-0: Called Strike 1-1: Ball 2-1: Swinging Strike 2-2: Strikes out swinging
|
Top of the 4th over - 1 run, 2 hits, 0 errors, 3 left on base; Great Falls 3 - Oakland (APP) 1 |
BOTTOM OF THE 4TH |
Oakland (APP) Athletics batting - Pitching for Great Falls Voyagers : LHP Nick Hamlin
|
Batting: RHB Josh Whaley
|
0-0: Called Strike 0-1: Swinging Strike 0-2: Ball 1-2: Foul Ball, location: 2F 1-2: Strikes out swinging
|
Batting: RHB Tetsuya Shinoda
|
0-0: Ball 1-0: Swinging Strike 1-1: Called Strike 1-2: Ball 2-2: Ball 3-2: Strikes out looking
|
Batting: RHB Walt Alaniz
|
0-0: Ball 1-0: Called Strike 1-1: Foul Ball, location: 2F 1-2: Foul Ball, location: 2F 1-2: Fly out, F6 (Line Drive, 6, EV 70.0 MPH)
|
Bottom of the 4th over - 0 runs, 0 hits, 0 errors, 0 left on base; Great Falls 3 - Oakland (APP) 1 |
TOP OF THE 5TH |
Great Falls Voyagers batting - Pitching for Oakland (APP) Athletics : RHP Ricky Lopez
|
Batting: LHB Josh Pittman
|
0-0: Called Strike 0-1: Swinging Strike 0-2: Ball 1-2: Ball 2-2: Foul Ball, location: 2F 2-2: Strikes out swinging
|
Batting: SHB Matt Childers
|
0-0: Called Strike 0-1: Foul Ball, location: 2F 0-2: Ball 1-2: Strikes out looking
|
Batting: RHB Chris LaMore
|
0-0: Ball 1-0: Ball 2-0: Foul Ball, location: 2F 2-1: Foul Ball, location: 2F 2-2: SINGLE (Flyball, 3D, EV 93.1 MPH)
|
Batting: RHB Billy Grubbs
|
0-0: Called Strike 0-1: Swinging Strike 0-2: Strikes out swinging
|
Top of the 5th over - 0 runs, 1 hit, 0 errors, 1 left on base; Great Falls 3 - Oakland (APP) 1 |
BOTTOM OF THE 5TH |
Oakland (APP) Athletics batting - Pitching for Great Falls Voyagers : LHP Nick Hamlin
|
Batting: LHB Al Soltero
|
0-0: Called Strike 0-1: Ball 1-1: Called Strike 1-2: Foul Ball, location: 2F 1-2: Foul Ball, location: 2F 1-2: Foul Ball, location: 2F 1-2: Ball 2-2: SOLO HOME RUN (Flyball, 89XD, EV 101.3 MPH), Distance : 406 ft
|
Batting: SHB George Marshall
|
0-0: SINGLE (Groundball, 3D, EV 99.4 MPH)
|
Batting: RHB Tim Anderson
|
0-0: Ball 1-0: Ball 2-0: Foul Ball, location: 2F 2-1: Called Strike 2-2: Strikes out swinging
|
Batting: RHB Steve Blackshear
|
0-0: Called Strike 0-1: Swinging Strike 0-2: Grounds into double play, 6-4-3 (Groundball, 6, EV 103.8 MPH)
|
Bottom of the 5th over - 1 run, 2 hits, 0 errors, 0 left on base; Great Falls 3 - Oakland (APP) 2 |
TOP OF THE 6TH |
Great Falls Voyagers batting - Pitching for Oakland (APP) Athletics : RHP Ricky Lopez
|
Batting: RHB Juan Tovar
|
0-0: Ball 1-0: Ball 2-0: Ground out 6-3 (Groundball, 6, EV 109.4 MPH)
|
Batting: RHB Andy Cotton
|
0-0: Ball 1-0: Foul Ball, location: 2F 1-1: Foul Ball, location: 2F 1-2: Foul Ball, location: 2F 1-2: Strikes out swinging
|
Batting: SHB Jose Romo
|
0-0: Ball 1-0: Called Strike 1-1: Foul Ball, location: 2F 1-2: Strikes out looking
|
Top of the 6th over - 0 runs, 0 hits, 0 errors, 0 left on base; Great Falls 3 - Oakland (APP) 2 |
BOTTOM OF THE 6TH |
Oakland (APP) Athletics batting - Pitching for Great Falls Voyagers : LHP Nick Hamlin
|
Batting: RHB Colin Coleman
|
0-0: Foul Ball, location: 2F 0-1: Ground out 5-3 (Groundball, 56S, EV 71.9 MPH)
|
Batting: RHB Matt Black
|
0-0: Ball 1-0: Foul Ball, location: 2F 1-1: Called Strike 1-2: Strikes out swinging
|
Batting: RHB Josh Whaley
|
0-0: Ball 1-0: Ball 2-0: Called Strike 2-1: Ball 3-1: Foul Ball, location: 2F 3-2: Fly out, F9 (Flyball, 89D, EV 85.6 MPH)
|
Bottom of the 6th over - 0 runs, 0 hits, 0 errors, 0 left on base; Great Falls 3 - Oakland (APP) 2 |
TOP OF THE 7TH |
Great Falls Voyagers batting - Pitching for Oakland (APP) Athletics : RHP Ricky Lopez
|
Pitching: RHP A.J. Marston
|
|
Batting: LHB Carlos Ramirez
|
0-0: Called Strike 0-1: Ball 1-1: Swinging Strike 1-2: Ball 2-2: Foul Ball, location: 2F 2-2: Ball 3-2: Strikes out swinging
|
Batting: RHB Vic Lucatero
|
0-0: Foul Ball, location: 2F 0-1: Swinging Strike 0-2: Strikes out swinging
|
Batting: LHB Josh Pittman
|
0-0: Called Strike 0-1: Called Strike 0-2: Foul Ball, location: 2F 0-2: Ball 1-2: Ball 2-2: Foul Ball, location: 2F 2-2: Ball 3-2: Ground out U3 (Groundball, 3L, EV 93.1 MPH)
|
Top of the 7th over - 0 runs, 0 hits, 0 errors, 0 left on base; Great Falls 3 - Oakland (APP) 2 |
BOTTOM OF THE 7TH |
Oakland (APP) Athletics batting - Pitching for Great Falls Voyagers : LHP Nick Hamlin
|
Pitching: RHP Brian Wesolek
|
|
Now in LF: Andy Cotton
|
|
Now in CF: Josh Newby
|
|
Batting: RHB Tetsuya Shinoda
|
0-0: Ball 1-0: Ground out 6-3 (Groundball, 56, EV 88.1 MPH)
|
Batting: RHB Walt Alaniz
|
0-0: Ball 1-0: SINGLE (Line Drive, 6MD, EV 100.6 MPH)
|
Batting: LHB Al Soltero
|
0-0: Ball 1-0: 2-RUN HOME RUN (Flyball, 89XD, EV 102.5 MPH), Distance : 386 ft
|
Batting: SHB George Marshall
|
0-0: Ball 1-0: Ground out U3 (Groundball, 34, EV 78.1 MPH)
|
Batting: RHB Tim Anderson
|
0-0: Ball 1-0: Ball 2-0: Foul Ball, location: 2F 2-1: Ball 3-1: Foul Ball, location: 2F 3-2: Strikes out swinging
|
Bottom of the 7th over - 2 runs, 2 hits, 0 errors, 0 left on base; Great Falls 3 - Oakland (APP) 4 |
TOP OF THE 8TH |
Great Falls Voyagers batting - Pitching for Oakland (APP) Athletics : RHP A.J. Marston
|
Batting: SHB Matt Childers
|
0-0: Called Strike 0-1: Foul Ball, location: 2F 0-2: Ball 1-2: Ball 2-2: Ball 3-2: Base on Balls
|
Batting: RHB Chris LaMore
|
0-0: Bunted foul 0-1: Bunt - Flyout to P! F1
|
Batting: RHB Billy Grubbs
|
0-0: Called Strike 0-1: Grounds into double play, 4-6-3 (Groundball, 4, EV 78.8 MPH)
|
Top of the 8th over - 0 runs, 0 hits, 0 errors, 0 left on base; Great Falls 3 - Oakland (APP) 4 |
BOTTOM OF THE 8TH |
Oakland (APP) Athletics batting - Pitching for Great Falls Voyagers : RHP Brian Wesolek
|
Batting: RHB Steve Blackshear
|
0-0: Swinging Strike 0-1: Ball 1-1: Called Strike 1-2: Strikes out swinging
|
Batting: RHB Colin Coleman
|
0-0: Ground out 6-3 (Groundball, 6, EV 98.1 MPH)
|
Batting: RHB Matt Black
|
0-0: Ball 1-0: Ball 2-0: Swinging Strike 2-1: Ball 3-1: Called Strike 3-2: Base on Balls
|
Batting: RHB Josh Whaley
|
0-0: Foul Ball, location: 2F 0-1: Ball 1-1: Ball 2-1: Ball 3-1: Base on Balls Matt Black to second
|
Batting: RHB Tetsuya Shinoda
|
0-0: SINGLE (Groundball, 4MD, EV 100.0 MPH) Matt Black to third Josh Whaley to second Runner from 3rd tries for Home, SAFE, throw by CF to home
|
Batting: RHB Walt Alaniz
|
0-0: Fielders Choice at 2nd, U4 (Groundball, 4M, EV 85.0 MPH)
|
Bottom of the 8th over - 1 run, 1 hit, 0 errors, 2 left on base; Great Falls 3 - Oakland (APP) 5 |
TOP OF THE 9TH |
Great Falls Voyagers batting - Pitching for Oakland (APP) Athletics : RHP A.J. Marston
|
Pitching: LHP David Rodriguez
|
|
Batting: RHB Juan Tovar
|
0-0: Ball 1-0: Ball 2-0: Ball 3-0: Called Strike 3-1: Reached via error on a dropped throw from 3B, E3 (Groundball, 56S, EV 67.5 MPH)
|
Batting: RHB Andy Cotton
|
0-0: Called Strike 0-1: SINGLE (Flyball, 89S, EV 85.0 MPH) Juan Tovar to second
|
Batting: SHB Jose Romo
|
0-0: Bunted foul 0-1: Bunt - Flyout to P! F1
|
Batting: LHB Carlos Ramirez
|
0-0: Foul Ball, location: 2F 0-1: Foul Ball, location: 2F 0-2: Ball 1-2: Ball 2-2: Ball 3-2: Foul Ball, location: 2F 3-2: SINGLE (Groundball, 6MD, EV 103.8 MPH) Juan Tovar to third Andy Cotton to second
|
Batting: RHB Vic Lucatero
|
0-0: Foul Ball, location: 2F 0-1: SINGLE (Line Drive, 3D, EV 102.5 MPH) Juan Tovar scores Andy Cotton to third Carlos Ramirez to second
|
Batting: RHB Josh Newby
|
0-0: Ball 1-0: Foul Ball, location: 2F 1-1: Called Strike 1-2: Strikes out swinging
|
Batting: SHB Matt Childers
|
0-0: Ball 1-0: Foul Ball, location: 2F 1-1: Swinging Strike 1-2: Strikes out swinging
|
Top of the 9th over - 1 run, 3 hits, 1 error, 3 left on base; Great Falls 4 - Oakland (APP) 5 |
|